 Dungeon Crawl Stone Soup version 0.31.0-12-g77e489cdc1 (webtiles) character file.

Game seed: 850904691265319443

10290 Gadfly the Unflinching (level 11, 0/91 HPs)
             Began as an Armataur Fighter on Feb 28, 2024.
             Was a Believer of the Shining One.
             Slain by a warg (2 damage)
             ... on level 10 of the Dungeon.
             The game lasted 00:25:17 (13031 turns).

Gadfly the Unflinching (Armataur Fighter)          Turns: 13031, Time: 00:25:18

Health: 0/91       AC: 17    Str: 28    XL:     11   Next: 34%
Magic:  15/17      EV:  5    Int: 14    God:    the Shining One [**....]
Gold:   744        SH: 14    Dex: 11    Spells: 10/10 levels left

rFire   + . .        b - +3 whip (venom)
rCold   . . .        c - +0 buckler
rNeg    + . .        o - +0 plate armour
rPois   .            q - +2 hood of the Assassin {Detect Stab+ Stlth++}
rElec   .            G - +0 cloak
rCorr   .            g - +1 pair of gloves
SInv    .            (no barding)
Will    +....        (no amulet) Stlth
                     D - ring of willpower
HPRegen 0.35/turn    t - ring "Kihofra" {rF+ Str+3 Int+6}
MPRegen 0.15/turn

%: roll
@: divinely shielded, glowing, invisible (but backlit and visible)
A: large, deformed body, tough skin 3, armoured tail, roll 2
a: Renounce Religion, Divine Shield


You were on level 10 of the Dungeon.
You worshipped the Shining One.
The Shining One was pleased with you.
You visited 2 branches of the dungeon, and saw 12 of its levels.
You also visited: Bailey.

You collected 744 gold pieces.

Inventory:

Hand Weapons
 a - a +0 morningstar
 b - a +3 whip of venom (weapon)
 v - a +4 whip
 y - a +3 war axe of freezing
Armour
 c - a +0 buckler (worn)
 g - a +1 pair of gloves (worn)
 o - a +0 plate armour (worn)
 q - the +2 hood of the Assassin (worn) {Detect Stab+ Stlth++}
   (You found it in a bailey)

   Detect:    It allows the wearer to sense nearby creatures.
   Stab+:     It allows the wearer to make particularly effective stabbing
   attacks against helpless or unaware enemies with any weapon.
   Stlth++:   It makes you much more stealthy.
 r - a +2 ring mail of poison resistance
 w - a +3 leather armour of fire resistance
 E - +0 acid dragon scales
 G - a +0 cloak (worn)
Jewellery
 f - a ring of ice
 k - a ring of resist corrosion
 t - the ring "Kihofra" (right hand) {rF+ Str+3 Int+6}
   (You found it in a bailey)

   [ring of intelligence]

   Str+3:     It affects your strength (+3).
   Int+6:     It affects your intelligence (+6).
   rF+:       It protects you from fire.
 D - a ring of willpower (left hand)
Wands
 i - a wand of charming (24)
 p - a wand of acid (7) (quivered)
 B - a wand of flame (7)
 F - a wand of roots (3)
Scrolls
 l - a scroll of fog
 m - a scroll of blinking
 n - a scroll of summoning
 s - 2 scrolls of enchant weapon
 u - a scroll of teleportation
 C - a scroll of revelation
Potions
 d - 4 potions of might
 h - a potion of resistance
 j - 3 potions of attraction
 x - a potion of berserk rage
 z - a potion of enlightenment


   Skills:
 + Level 6.4 Fighting
 * Level 8.1 Maces & Flails
 + Level 8.2 Armour
 + Level 7.3 Shields
 + Level 8.3 Invocations
 + Level 8.3 Evocations


You had 10 spell levels left.
You didn't know any spells.
Your spell library contained the following spells:

 Spells                   Type           Power      Damage    Failure   Level
 Call Canine Familiar     Summ           0%         N/A       100%        3
 Dazzling Flash           Conj/Hex       0%         N/A       100%        3
 Inner Flame              Hex/Fire       0%         N/A       100%        3
 Sigil of Binding         Hex            0%         N/A       100%        3
 Tukima's Dance           Hex            0%         N/A       100%        3
 Volatile Blastmotes      Fire/Tloc      0%         2d10      100%        3
 Dimensional Bullseye     Hex/Tloc       0%         N/A       100%        4
 Passage of Golubria      Tloc           0%         N/A       100%        4
 Irradiate                Conj/Alch      0%         3d11      100%        5
 Yara's Violent Unravell  Hex/Alch       0%         3d3       100%        5
 Starburst                Conj/Fire      0%         6d3       100%        6
 Ignition                 Fire           0%         3d3       100%        8
 Maxwell's Capacitive Co  Air            0%         ∞         100%        8


Dungeon Overview and Level Annotations

Branches:
Dungeon (11/15)            Temple (1/1) D:6            Lair (0/5) D:9
 Bailey (visited)
    Orc: D:9-12

Altars:
Ashenzari
Cheibriados
Dithmenos
Elyvilon
Fedhas
Gozag
Hepliaklqana
Kikubaaqudgha
Makhleb
Nemelex Xobeh
Okawaru
Qazlal
Ru
Sif Muna
Trog
Uskayaw
Vehumet
Wu Jian
Xom
Yredelemnul
Zin
The Shining One
Jiyva

Shops:
D:2 =   D:5 *


Innate Abilities, Weirdness & Mutations

Armour fits poorly on your strangely shaped body.
You have extremely tough skin. (AC +3)
You have a long armoured tail.
You regenerate magic and health when rolling toward enemies. (Rampage Regen)


Message History

You are too injured to fight recklessly!
You hit the warg.
The warg is heavily wounded.
The warg completely misses you.
You hit the warg.
The warg looks as sick as possible!
You tail-slap the warg, but do no damage.
The warg is heavily wounded.
The orc hits you but does no damage. The warg bites you!
You hit the warg but do no damage.
The warg is heavily wounded.
The orc hits you but does no damage. The warg bites you but does no damage.
You completely miss the warg.
The warg is heavily wounded.
The warg bites you!
* * * LOW HITPOINT WARNING * * *
You hit the warg.
The warg is heavily wounded.
The orc hits you but does no damage.
The warg pauses to sniff the ground.
The warg bites you!
* * * LOW HITPOINT WARNING * * *
Unknown command.
You hit the warg but do no damage.
The warg looks as sick as possible!
The warg is heavily wounded.
The orc barely misses you. The warg bites you!
* * * LOW HITPOINT WARNING * * *
It was a potion of invisibility.
You become transparent, but the glow from your halo prevents you from becoming completely invisible.
You block the warg's attack. The orc hits you but does no damage.
Okay, then.
Okay, then.
Your shield is strengthened by the Shining One's divine power.
You block the warg's attack. x2
The orc curses loudly.
The orc hits you with a +0 dagger.
* * * LOW HITPOINT WARNING * * *
The warg attacks as it pursues you! You block the warg's attack. x2
The warg attacks as it pursues you! The warg closely misses you.
The warg attacks as it pursues you! The warg bites you.
You die...

##...#.......#...........
##...######..........#.#.
#....## ###..#....##.##
###...####§§##.#........#
##....#W§§§####.#.....#
###..##########........
##....##.._..##........#
#.............###.......
###....@......#.........
####..h#.._...#.........
##.....#########.........
#....o..# R§§§#..........
##<..#..###§§##..........
##.>#..#.####...........
##.[[...##.............
##[[...##.##..#......#
##[..........#.......


You could see an ancestor, a warg (very poisoned), a shadow and an orc.

Vanquished Creatures
  A two-headed ogre (D:9)
  A boulder beetle (D:10)
  A rime drake (D:9)
  2 trolls
  Grinder (D:4)
  The ghost of booth the Chopper, an amateur DsGl (D:5)
  A hornet (D:7)
  Prince Ribbit (D:5)
  Sigmund (D:4)
  10 yaks
  A slime creature (D:10)
  A wraith (D:9)
  2 vampire mosquitoes (D:10)
  2 wyverns
  An acid dragon (D:9)
  2 water moccasins
  9 ice beasts
  A sky beast (D:7)
  A black bear (D:7)
  9 orc warriors
  An ogre (D:5)
  A wolf (D:9)
  6 kobold brigands
  2 bullfrogs
  2 gnoll sergeants
  4 wights (D:8)
  3 scorpions (D:5)
  14 killer bees
  2 howler monkeys
  A jelly (D:7)
  3 hounds
  7 orc priests
  3 iguanas
  A sleepcap (D:6)
  12 orc wizards
  12 gnolls
  10 adders
  A shadow imp (D:7)
  2 white imps
  4 ufetubi
  4 dart slugs
  36 orcs
  3 bats
  6 endoplasms
  2 giant cockroaches
  7 goblins
  9 hobgoblins
  4 jackals (D:4)
  2 quokkas (D:2)
  15 ball pythons
  5 frilled lizards
  16 kobolds
  6 rats
  A spectral hobgoblin (D:2)
256 creatures vanquished.

Notes
Turn   | Place    | Note
-------+----------+-------------------------------------------
     0 | D:1      | Gadfly the Armataur Fighter began the quest for the Orb.
     0 | D:1      | Reached XP level 1. HP: 18/18 MP: 1/1
   303 | D:1      | Reached XP level 2. HP: 25/25 MP: 2/2
   971 | D:2      | Reached skill level 1 in Invocations
   971 | D:2      | Reached skill level 1 in Evocations
   971 | D:2      | Reached XP level 3. HP: 26/30 MP: 3/3
  1007 | D:2      | Found a faded altar of an unknown god.
  1441 | D:2      | Found Olissexta's Jewellery Emporium.
  1782 | D:3      | Reached XP level 4. HP: 38/38 MP: 3/5
  2764 | D:4      | Noticed Sigmund
  2781 | D:4      | Killed Sigmund
  2782 | D:4      | Reached XP level 5. HP: 43/45 MP: 6/6
  2782 | D:4      | Reached XP level 6. HP: 49/51 MP: 7/7
  3228 | D:4      | Noticed Grinder
  3244 | D:4      | Killed Grinder
  3245 | D:4      | Gained mutation: You regenerate magic and health when
                  | rolling toward enemies. (Rampage Regen) [Armataur growth]
  3245 | D:4      | Reached XP level 7. HP: 52/57 MP: 7/9
  3660 | D:5      | Entered Level 5 of the Dungeon
  3860 | D:5      | Reached skill level 5 in Armour
  4410 | D:5      | Found a shimmering altar of Xom.
  4414 | D:5      | Found a radiant altar of Vehumet.
  4449 | D:5      | Reached XP level 8. HP: 61/66 MP: 11/11
  4483 | D:5      | Found a sacrificial altar of Ru.
  4560 | D:5      | Noticed booth's ghost (amateur DsGl)
  4562 | D:5      | Found a runed translucent door.
  4621 | D:5      | Found a sparkling altar of Nemelex Xobeh.
  4659 | D:5      | Noticed Prince Ribbit
  4691 | D:5      | Killed Prince Ribbit
  4906 | D:5      | Found Naliug's Lightly-Used Armoury.
  4930 | D:5      | Found a basalt altar of Yredelemnul.
  5273 | D:6      | Reached skill level 5 in Shields
  5512 | D:6      | Reached skill level 5 in Maces & Flails
  5579 | D:6      | Reached skill level 5 in Invocations
  5579 | D:6      | Reached skill level 5 in Evocations
  5705 | D:6      | Found a staircase to the Ecumenical Temple.
  5722 | Temple   | Entered the Ecumenical Temple
  5739 | Temple   | Became a worshipper of the Shining One
  6017 | D:6      | Reached XP level 9. HP: 32/72 MP: 12/12
  6577 | D:5      | Killed booth's ghost
  7573 | D:7      | Reached skill level 5 in Fighting
  8745 | D:8      | Found a flagged portal.
  8754 | Bailey   | Entered a bailey
  8802 | Bailey   | Reached XP level 10. HP: 80/81 MP: 14/14
  8943 | Bailey   | Found the +2 hood of the Assassin {Detect Stab+ Stlth++}
  8963 | Bailey   | Identified the ring "Kihofra" {rF+ Str+3 Int+6}
  9097 | Bailey   | Found a bloodstained altar of Trog.
  9289 | D:8      | Found a bloodstained altar of Trog.
  9338 | D:8      | Reached * piety under the Shining One
 10028 | D:9      | Noticed a two-headed ogre
 10041 | D:9      | Killed a two-headed ogre
 10597 | D:9      | Found a staircase to the Lair.
 11174 | D:9      | Found a white marble altar of Elyvilon.
 11420 | D:9      | Reached XP level 11. HP: 64/89 MP: 16/16
 11428 | D:9      | Found an opulent altar of Gozag.
 11688 | D:10     | Entered Level 10 of the Dungeon
 11738 | D:10     | Found a shadowy altar of Dithmenos.
 11740 | D:10     | Found a hazy altar of Hepliaklqana.
 11865 | D:10     | Noticed a boulder beetle
 11880 | D:10     | Reached ** piety under the Shining One
 11884 | D:10     | Killed a boulder beetle
 12685 | D:10     | Noticed a +0 dagger
 12685 | D:10     | Noticed a +0 dagger
 12702 | D:10     | Found a hide-covered altar of Uskayaw.
 13025 | D:10     | HP: 3/91 [warg (13)]
 13027 | D:10     | HP: 1/91 [orc/+0 dagger (3)]
 13031 | D:10     | Slain by a warg

Illustrated notes

Levels and vault maps discovered:
D:1:      lightli_arrival_lavapool, layout_basic
D:2:      layout_basic, serial_shops, shop,
          dreamdust_ecumenical_altar_drowned_temple
D:3:      layout_basic, serial_forest, infiniplex_forest_lined_room_2,
          infiniplex_forest_zigzag_2, infiniplex_forest_diagonal,
          infiniplex_forest_lined_ring, infiniplex_forest_lined_2,
          infiniplex_forest_zigzag_2, infiniplex_forest_straight_3,
          infiniplex_forest_side_room, infiniplex_forest_end_2,
          infiniplex_forest_lined_3
D:4:      layout_basic, minmay_statues_item, grunt_ministairs_1, uniq_sigmund,
          uniq_grinder
D:5:      layout_basic, general_overflow_altar, lemuel_coloured_pillars_altar,
          chequers_temple_overflow_statue_of_worship, nicolae_ru_path_of_blood,
          hellmonk_ghost_happy_afterlife, chequers_serial_rivers_small_b,
          minmay_shop_damaged, uniq_prince_ribbit1
D:6:      layout_basic, minmay_temple_entry_ruins
D:7:      layout_loops_ring
D:8:      layout_loops_cross, bloody_trog, enter_bailey_3
D:9:      layout_basic, elyvilon_altar_1, marbit_many_paths,
          hellmonk_lair_entry_icy, lemuel_flamethrower_2
D:10:     layout_cave_pools, riverfiend_overflow_shadow_ancestor,
          dancing_weapons_uskayaw
D:11:     layout_roguey, erik_orc_4, gammafunk_ghost_split
Temple:   pf_slime_end_temple

Skill      XL: |  1  2  3  4  5  6  7  8  9 10 11 |
---------------+----------------------------------+-----
Maces & Flails | 2 3 4 5 6 7 8 |  8.1
Invocations    | 1 2 3 4 5 6 7 8 |  8.3
Evocations     | 1 2 3 4 5 6 7 8 |  8.3
Fighting       | 3 4 5 6 |  6.4
Armour         | 4 5 6 7 8 |  8.2
Shields        | 4 5 6 7 |  7.3

Action                     |  1- 3 |  4- 6 |  7- 9 | 10-12 || total
---------------------------+-------+-------+-------+-------++-------
  Melee: Flail             |    75 |       |    15 |       ||    90
         Tailslap          |    12 |    12 |    68 |    96 ||   188
         Whip              |    47 |   125 |   392 |   332 ||   896
         Morningstar       |       |       |       |    21 ||    21
 Invoke: Divine Shield     |       |       |       |     3 ||     3
  Evoke: Wand              |       |       |     4 |     1 ||     5
    Use: Scroll            |     4 |     5 |     8 |     1 ||    18
         Potion            |       |       |     5 |     5 ||    10
 Armour: Scale mail        |    92 |       |       |       ||    92
         Chain mail        |     5 |    82 |    17 |       ||   104
         Plate armour      |       |       |   321 |   287 ||   608
         Skin              |       |       |    16 |       ||    16
  Dodge: Dodged            |    49 |    20 |    91 |    75 ||   235
  Block: Buckler           |    25 |    23 |    84 |    78 ||   210
